 Dungeon Crawl Stone Soup version 0.27.1-3-gb3d3a73c9e (webtiles) character file.

Game seed: 11214889167797957788

51 Brecoman the Grasshopper (level 3, -1/31 HPs)
             Began as a Gnoll Warper on Sept 16, 2021.
             Killed by divine providence
             ... invoked by an orc priest
              (13 damage)
             ... on level 2 of the Dungeon on Oct 23, 2021.
             The game lasted 00:05:40 (1800 turns).

Brecoman the Grasshopper (Gnoll Warper)             Turns: 1800, Time: 00:05:41

Health: -1/31      AC:  5    Str: 11    XL:     3   Next: 81%
Magic:  9/9        EV: 11    Int: 12    God:
Gold:   60         SH:  0    Dex: 11    Spells: 12/12 levels left

rFire    . . .     SeeInvis .   a - +0 mace
rCold    . . .     Faith    .   (no shield)
rNeg     . . .     Spirit   .   e - +0 ring mail
rPois    .         Reflect  .   (no helmet)
rElec    .         Harm     .   (no cloak)
rCorr    .         Rampage  .   (no gloves)
Will     .....                  (no boots)
Stlth    +.........             (no amulet)
HPRegen  0.10/turn              (no ring)
MPRegen  0.11/turn              (no ring)

@: no status effects
A: fangs 1, strong nose, distributed training
a: no special abilities


You were on level 2 of the Dungeon.
You visited 1 branch of the dungeon, and saw 2 of its levels.

You collected 60 gold pieces.

Inventory:

Hand Weapons
 a - a +0 mace (weapon)
Missiles
 d - 5 boomerangs of dispersal (quivered)
 o - 3 boomerangs
Armour
 b - a +0 leather armour
 e - a +0 ring mail (worn)
Jewellery
 j - a ring of ice
Scrolls
 c - a scroll of blinking
 f - a scroll of identify {unknown}
 i - a scroll of enchant armour {unknown}
 m - a scroll of teleportation {unknown}
 n - a scroll of magic mapping {unknown}
Potions
 g - a potion of curing {unknown}
 h - a potion of degeneration {unknown}
 k - a potion of cancellation {unknown}
 l - a potion of brilliance {unknown}


   Skills:
 + Level 4.6 Fighting
 + Level 1.0 Short Blades
 + Level 1.0 Long Blades
 + Level 1.0 Axes
 + Level 4.6 Maces & Flails
 + Level 1.0 Polearms
 + Level 1.0 Staves
 + Level 1.0 Slings
 + Level 1.0 Bows
 + Level 1.0 Crossbows
 + Level 2.6 Throwing
 + Level 2.6 Armour
 + Level 4.6 Dodging
 + Level 1.0 Stealth
 + Level 1.0 Shields
 + Level 1.0 Unarmed Combat
 + Level 5.0 Spellcasting
 + Level 0.7 Conjurations
 + Level 0.7 Hexes
 + Level 0.7 Summonings
 + Level 0.7 Necromancy
 + Level 5.4 Translocations
 + Level 0.7 Transmutations
 + Level 0.7 Fire Magic
 + Level 0.7 Ice Magic
 + Level 0.7 Air Magic
 + Level 0.7 Earth Magic
 + Level 0.7 Poison Magic
 + Level 1.0 Invocations
 + Level 1.0 Evocations


You had 12 spell levels left.
You didn't know any spells.
Your spell library contained the following spells:

 Spells                   Type           Power      Damage    Failure   Level
 Blink                    Tloc           N/A        N/A       8%          2
 Gell's Gravitas          Tloc           8%         N/A       14%         3
 Lesser Beckoning         Tloc           8%         N/A       14%         3
 Teleport Other           Tloc           16%        N/A       14%         3
 Portal Projectile        Hex/Tloc       20%        N/A       36%         3
 Sublimation of Blood     Necr           2%         N/A       45%         2
 Wereblood                Tmut           4%         N/A       45%         2
 Call Canine Familiar     Summ           4%         N/A       71%         3
 Manifold Assault         Tloc           16%        N/A       80%         5
 Leda's Liquefaction      Hex/Erth       2%         N/A       98%         4
 Summon Hydra             Summ           2%         N/A       100%        7


Dungeon Overview and Level Annotations

Branches:
Dungeon (2/15)

Altars:

Shops:
D:1 *[!(   D:2 *


Innate Abilities, Weirdness & Mutations

You have very sharp teeth.
Your uncanny sense of smell can sniff out nearby items.
Your experience applies equally to all skills.


Message History

HP restored.
Found a stone staircase leading down.
The orc throws a boomerang.
The boomerang hits you.
An orc is nearby!
You start resting.
An orc is nearby!
The orc barely misses you.
You sock the orc!
You kill the orc!
o - 3 boomerangs
Things that are here:
a +0 hand axe; a +0 leather armour; an orc corpse You start resting.
HP restored.
An orc priest comes into view. It is wielding a +0 short sword.
The orc priest shouts!
You hear a shout!
You hit the orc.
You kill the orc!
The orc priest calls down the wrath of Beogh upon you.
Beogh smites you!
Your Short Blades skill increases to level 1!
Your Long Blades skill increases to level 1!
Your Axes skill increases to level 1!
Your Polearms skill increases to level 1!
Your Staves skill increases to level 1!
Your Slings skill increases to level 1!
Your Bows skill increases to level 1!
Your Crossbows skill increases to level 1!
Your Stealth skill increases to level 1!
Your Shields skill increases to level 1!
Your Unarmed Combat skill increases to level 1!
Your Evocations skill increases to level 1!
The orc priest looks braver for a moment.
The orc priest begins to cast a cantrip, but forgets the words!
The orc priest calls down the wrath of Beogh upon you.
Beogh smites you!
The orc priest invokes the aid of Beogh against you.
You barely resist.
The orc priest mumbles some strange prayers to Beogh against you.
Beogh smites you!
You die...

...........# ..#....####
+....# #....# ###
#....####### ##.#####.#
#..........#
.................######.#
<..#####.#######+#### #.#
#### ###. #.@...# #.# ...
..#.# #.....# #.# ####
...# #.....# #.# ....#
#..# ##.....###.#
..8..##..# #..........#
......#..#####.....######
.....⌠#..##..o.......#
.... ∆#....o.........#
..8. #....♣o.###....#


You could see an orc priest.

Vanquished Creatures
  An adder (D:1)
  3 dart slugs (D:1)
  2 orcs (D:2)
  3 bats
  5 endoplasms
  A giant cockroach (D:1)
  2 hobgoblins (D:1)
  2 kobolds
  2 quokkas
  7 ball pythons
  A frilled lizard (D:2)
  2 rats
31 creatures vanquished.

Vanquished Creatures (others)
  A goblin (D:1)
  A plant (D:1)
2 creatures vanquished.

Grand Total: 33 creatures vanquished

Notes
Turn   | Place    | Note
-------+----------+-------------------------------------------
     0 | D:1      | Brecoman the Gnoll Warper began the quest for the Orb.
     0 | D:1      | Reached XP level 1. HP: 20/20 MP: 6/6
   136 | D:1      | Found Ushrun's Antique Weapon Shoppe.
   146 | D:1      | Reached XP level 2. HP: 25/26 MP: 7/7
   287 | D:1      | Found Ahior's Assorted Antiques.
   328 | D:1      | Found Mihia's Antique Armour Shoppe.
   361 | D:1      | Found Hayreb's Distillery.
   957 | D:1      | Reached skill level 5 in Spellcasting
   957 | D:1      | Reached XP level 3. HP: 18/31 MP: 7/9
  1139 | D:2      | Found Yxtyelou's Assorted Antiques.
  1302 | D:1      | Upgraded the game from 0.27.1-1-g398f81649c to
                  | 0.27.1-3-gb3d3a73c9e
  1408 | D:1      | Reached skill level 1 in Invocations
  1594 | D:2      | Found a faded altar of an unknown god.
  1778 | D:2      | Reached skill level 1 in Short Blades
  1778 | D:2      | Reached skill level 1 in Long Blades
  1778 | D:2      | Reached skill level 1 in Axes
  1778 | D:2      | Reached skill level 1 in Polearms
  1778 | D:2      | Reached skill level 1 in Staves
  1778 | D:2      | Reached skill level 1 in Slings
  1778 | D:2      | Reached skill level 1 in Bows
  1778 | D:2      | Reached skill level 1 in Crossbows
  1778 | D:2      | Reached skill level 1 in Stealth
  1778 | D:2      | Reached skill level 1 in Shields
  1778 | D:2      | Reached skill level 1 in Unarmed Combat
  1778 | D:2      | Reached skill level 1 in Evocations
  1800 | D:2      | Killed from afar by an orc priest

Illustrated notes

Levels and vault maps discovered:
D:1:      erik_arrival_cave_to_civilisation [erik_arrival_cave_to_temple],
          layout_rooms, serial_shops, shop, nicolae_square_shop, shop, shop,
          serial_forest, infiniplex_forest_clump_small,
          infiniplex_forest_zigzag_1, infiniplex_forest_straight_4,
          infiniplex_forest_straight_2, infiniplex_forest_end_double,
          infiniplex_forest_lined_3, infiniplex_forest_clump_double
D:2:      cheibrodos_pilgrimage, layout_basic, serial_shops, shop_statue,
          chequers_ecumenical_altar_simple, serial_corexii_hall,
          chequers_hall_statues_wall_a, corexii_hall_statues_l

Skill      XL: |  1  2  3 |
---------------+----------+-----
Spellcasting   | 5 |  5.0
Invocations    | 1 |  1.0
Short Blades   | 1 |  1.0
Long Blades    | 1 |  1.0
Axes           | 1 |  1.0
Polearms       | 1 |  1.0
Staves         | 1 |  1.0
Slings         | 1 |  1.0
Bows           | 1 |  1.0
Crossbows      | 1 |  1.0
Stealth        | 1 |  1.0
Shields        | 1 |  1.0
Unarmed Combat | 1 |  1.0
Evocations     | 1 |  1.0
Fighting       | |  4.6
Maces & Flails | |  4.6
Throwing       | |  2.6
Armour         | |  2.6
Dodging        | |  4.6
Conjurations   | |  0.7
Hexes          | |  0.7
Summonings     | |  0.7
Necromancy     | |  0.7
Translocations | |  5.4
Transmutations | |  0.7
Fire Magic     | |  0.7
Ice Magic      | |  0.7
Air Magic      | |  0.7
Earth Magic    | |  0.7
Poison Magic   | |  0.7

Action                   || total
-------------------------++-------
Melee: Mace              ||    98
       Bite              ||     7
Armor: Ring mail         ||    38
Dodge: Dodged            ||    80
